 Dungeon Crawl Stone Soup version 0.20.1-1-g8b1a95d (webtiles) character file.

9062 ANON1729 the Destroyer (level 11, -1/54 HPs)
             Began as a Tengu Fire Elementalist on July 31, 2017.
             Was a Priest of Vehumet.
             Killed from afar by Harold (32 damage)
             ... with a bolt of fire
             ... on level 1 of the Lair of Beasts.
             The game lasted 00:42:57 (13289 turns).

ANON1729 the Destroyer (Tengu Fire Elementalist)   Turns: 13289, Time: 00:42:57

Health: -1/54      AC:  4    Str:  9    XL:     11   Next: 40%
Magic:  25/25      EV: 12    Int: 19    God:    Vehumet [***...]
Gold:   738        SH:  0    Dex: 14    Spells: 16/29 levels left

rFire    . . .     SeeInvis .   O - +6 dagger (holy)
rCold    . . .     Gourm    .   (no shield)
rNeg     . . .     Faith    .   a - +0 robe
rPois    .         Spirit   .   (helmet restricted)
rElec    .         Reflect  .   (no cloak)
rCorr    .         Harm     .   B - +0 pair of gloves
MR       .....                  (boots unavailable)
Stlth    ++........             (no amulet)
Regen    0.2/turn               I - ring of wizardry
MPRegen  0.2/turn               (no ring)

@: about to teleport
A: beak, talons 3, blink, blurry vision 1, shaggy fur 1, able to fly 1
a: Fly, Blink, Renounce Religion


You were on level 1 of the Lair of Beasts.
You worshipped Vehumet.
Vehumet was most pleased with you.
You were not hungry.

You visited 3 branches of the dungeon, and saw 11 of its levels.

You collected 738 gold pieces.

Inventory:

Hand Weapons
 h - a cursed -1 blowgun
 p - a +0 long sword
 O - a +6 dagger of holy wrath (weapon)
Missiles
 n - 53 poisoned needles
 x - 3 needles of sleeping
Armour
 a - a +0 robe (worn)
 B - a +0 pair of gloves (worn)
Jewellery
 I - a ring of wizardry (left hand)
Wands
 w - a wand of enslavement (1/24)
 y - a wand of lightning (5/15)
 F - a wand of paralysis (8/24)
 M - a wand of lightning (4/15)
Scrolls
 d - 5 scrolls of identify
 e - 3 scrolls of recharging {unknown}
 j - 3 scrolls of teleportation
 k - 2 scrolls of magic mapping {unknown}
 m - 2 scrolls of noise {unknown}
 o - a scroll of random uselessness {unknown}
 q - 5 scrolls of remove curse
 u - a scroll of fear {unknown}
 v - a scroll of blinking {unknown}
 C - 2 scrolls of enchant weapon {unknown}
 D - 3 scrolls of enchant armour {unknown}
 H - 3 scrolls of immolation {unknown}
 J - a scroll of vulnerability {unknown}
Potions
 g - 2 potions of brilliance {unknown}
 i - 2 potions of mutation
 l - 2 potions of berserk rage {unknown}
 r - 2 potions of magic {unknown}
 s - a potion of resistance {unknown}
 t - a potion of degeneration {unknown}
 A - 3 potions of ambrosia {unknown}
 E - a potion of might {unknown}
 K - 2 potions of curing {unknown}
 L - 2 potions of invisibility {unknown}
Books
 b - a book of Flames

   Spells                             Type                      Level
   a - Flame Tongue                   Conjuration/Fire             1
   b - Throw Flame                    Conjuration/Fire             2
   c - Conjure Flame                  Conjuration/Fire             3
   d - Inner Flame                    Hexes/Fire                   3
   e - Sticky Flame                   Conjuration/Fire             4
   f - Fireball                       Conjuration/Fire             5
 G - a book of Callings

   Spells                             Type                      Level
   a - Summon Small Mammal            Summoning                    1
   b - Call Imp                       Summoning                    2
   c - Call Canine Familiar           Summoning                    3
   d - Summon Guardian Golem          Hexes/Summoning              3
   e - Summon Lightning Spire         Summoning/Air                4
   f - Summon Ice Beast               Ice/Summoning                4
 N - a book of Party Tricks

   Spells                             Type                      Level
   a - Summon Butterflies             Summoning                    1
   b - Apportation                    Translocation                1
   c - Lesser Beckoning               Translocation                3
   d - Tukima's Dance                 Hexes                        3
   e - Alistair's Intoxication        Transmutation/Poison         5
   f - Invisibility                   Hexes                        6
Comestibles
 c - 2 bread rations
 f - 4 meat rations
 z - a fruit


   Skills:
 - Level 2.1 Dodging
 - Level 2.0 Stealth
 + Level 9.5 Spellcasting
 + Level 12.8 Conjurations
 + Level 11.4 Fire Magic


You had 16 spell levels left.
You knew the following spells:

 Your Spells              Type           Power        Failure   Level  Hunger
a - Flame Tongue          Conj/Fire      #####        1%          1    None
b - Conjure Flame         Conj/Fire      ######..     1%          3    None
c - Sticky Flame          Conj/Fire      ######..     1%          4    ###....
d - Fireball              Conj/Fire      ######....   1%          5    #####..


Dungeon Overview and Level Annotations

Branches:
Dungeon (9/15)             Temple (1/1) D:5            Lair (1/6) D:8
    Orc (0/2) D:9

Altars:
Ashenzari
Elyvilon
Hepliaklqana
Kikubaaqudgha
Okawaru
Qazlal
Ru
Vehumet
Beogh

Shops:
D:5 *

Annotations:
D:8 Gastronok
D:9 exclusion: door
Lair:1 Harold


Innate Abilities, Weirdness & Mutations

You have a beak for a mouth.
You have claws for feet.
You can fly.
You can translocate small distances at will.
Scrolls take you a little longer to read.
You are covered in fur. (AC +1)


Message History

The bolt of fire hits you!
You blink.
You feel slightly more hungry.
Found 14 gold pieces.
Harold mumbles some strange words.
Harold blinks!
You open the door.
Found a bread ration.
There is an open door here.
You close the door.
Harold opens the door.
Really read with blurry vision while enemies are nearby? [Y]es or [N]o only, please.
Really read with blurry vision while enemies are nearby?
You begin reading the scroll.
You continue reading the scroll.
As you read the scroll of teleportation, it crumbles to dust.
You feel strangely unstable.
Harold points at you and mumbles some strange words.
The bolt of fire hits you!
Ouch! That really hurt!
You die...

##.8.#...#.....+...#
#####...#.....#...#
######...#..##.....##
#...................#
#..................##
#...................#
#................@.##
#..##P..............#
#.# ##...@....$....##
#.. #.@#.#######..#
.. #..#########..#
#.. #..#......##..#
#...'......@..#
#..##@....#...#
#...##'#####..#
##..#.#..####..#
#P.............#


You could see Harold.

Vanquished Creatures
  A hydra (Lair:1)
  3 two-headed ogres
  Nergalle (Lair:1)
  Joseph (D:7)
  2 black mambas (Lair:1)
  A komodo dragon (Lair:1)
  A hungry ghost (D:8)
  A steam dragon (D:8)
  Menkaure (D:7)
  5 water moccasins
  4 orc warriors
  4 ice beasts
  2 sky beasts
  4 ogres
  An eye of draining (D:9)
  3 crocodiles (Lair:1)
  4 centaurs
  2 big kobolds
  4 bullfrogs
  A scorpion (D:8)
  3 howler monkeys (D:9)
  3 crimson imps
  A centaur zombie (D:9)
  3 hounds
  3 orc priests
  2 bullfrog skeletons
  3 gnoll shamans
  2 orc wizards
  Terence (D:2)
  Jessica (D:3)
  2 centaur skeletons
  5 iguanas
  7 worker ants
  2 hound skeletons
  A howler monkey zombie (D:5)
  Robin (D:3)
  19 gnolls
  12 adders
  2 oozes
  An adder skeleton (D:9)
  An adder zombie (D:6)
  A worm (D:2)
  A dart slug (D:1)
  5 leopard geckos
  35 orcs
  13 bats
  4 giant cockroaches
  9 hobgoblins
  5 jackals
  13 kobolds
  A quokka (D:6)
  A frilled lizard (D:4)
  10 goblins
  A jackal zombie (D:9)
  A leopard gecko zombie (D:5)
  4 rats
  5 plants (D:8)
230 creatures vanquished.

Vanquished Creatures (others)
  A human (D:3)
  3 fungi (Lair:1)
  3 plants (D:8)
7 creatures vanquished.

Grand Total: 237 creatures vanquished

Notes
Turn   | Place    | Note
-------+----------+-------------------------------------------
     0 | D:1      | ANON1729 the Tengu Fire Elementalist began the quest for the Orb.
     0 | D:1      | Reached XP level 1. HP: 10/10 MP: 4/4
   255 | D:1      | Reached skill level 2 in Conjurations
   532 | D:1      | Reached XP level 2. HP: 15/15 MP: 4/6
   883 | D:2      | Reached XP level 3. HP: 15/19 MP: 2/7
  1225 | D:2      | Reached skill level 3 in Conjurations
  1230 | D:2      | Noticed Robin
  1575 | D:2      | Noticed Terence
  1580 | D:2      | Reached XP level 4. HP: 22/24 MP: 5/8
  1890 | D:3      | Noticed Jessica
  1897 | D:3      | Killed Jessica
  2268 | D:3      | Found an ancient bone altar of Kikubaaqudgha.
  2269 | D:3      | Noticed a human
  2271 | D:3      | Killed a human
  2556 | D:1      | Learned a level 3 spell: Conjure Flame
  2561 | D:1      | Learned a level 4 spell: Sticky Flame
  2566 | D:2      | Killed Terence
  2566 | D:2      | Gained mutation: You can fly. [Tengu growth]
  2566 | D:2      | Reached XP level 5. HP: 28/28 MP: 2/10
  2838 | D:2      | Reached skill level 4 in Conjurations
  3012 | D:3      | Killed Robin
  3797 | D:4      | Noticed a big kobold
  3805 | D:4      | Killed a big kobold
  3805 | D:4      | Reached skill level 5 in Fire Magic
  3805 | D:4      | Reached XP level 6. HP: 24/32 MP: 12/12
  4301 | D:4      | Reached skill level 5 in Conjurations
  4462 | D:4      | Found a hazy altar of Hepliaklqana.
  4687 | D:5      | Entered Level 5 of the Dungeon
  4692 | D:5      | Found an iron altar of Okawaru.
  4904 | D:5      | Reached XP level 7. HP: 11/36 MP: 12/14
  5079 | D:5      | Found Dacae's Elemental Accessories.
  5259 | D:5      | Reached skill level 6 in Conjurations
  5262 | D:5      | Gained mutation: Your muscles are strong. (Str +2) [mutagenic meat]
  5263 | D:5      | Gained mutation: You do not regenerate when monsters are visible. [mutagenic meat]
  5265 | D:5      | Gained mutation: You occasionally shout uncontrollably at your foes. [mutagenic meat]
  5266 | D:5      | Gained mutation: You sometimes yell uncontrollably at your foes. [mutagenic meat]
  5267 | D:5      | Gained mutation: You are covered in fur. (AC +1) [mutagenic meat]
  6098 | D:5      | Found a staircase to the Ecumenical Temple.
  6236 | Temple   | Entered the Ecumenical Temple
  6245 | Temple   | Became a worshipper of Vehumet
  6631 | D:6      | Reached XP level 8. HP: 41/41 MP: 11/16
  6901 | D:6      | Reached skill level 5 in Spellcasting
  6901 | D:6      | Reached skill level 7 in Conjurations
  7192 | D:6      | Learned a level 5 spell: Fireball
  7615 | D:6      | Reached skill level 8 in Conjurations
  7650 | D:7      | Noticed Menkaure
  7657 | D:7      | Killed Menkaure
  8067 | D:7      | Got a brightly glowing chain mail
  8151 | D:7      | Noticed Joseph
  8542 | D:7      | Killed Joseph
  8542 | D:7      | Reached XP level 9. HP: 13/45 MP: 14/19
  8773 | D:7      | Reached skill level 9 in Conjurations
  8829 | D:7      | Reached * piety under Vehumet
  8829 | D:7      | Offered knowledge of Shock by Vehumet.
  9174 | D:8      | Found a staircase to the Lair.
  9672 | D:8      | Noticed a two-headed ogre
  9676 | D:8      | Killed a two-headed ogre
  9676 | D:8      | Reached skill level 10 in Conjurations
  9685 | D:8      | Reached XP level 10. HP: 40/50 MP: 1/22
  9787 | D:8      | Noticed a two-headed ogre
  9793 | D:8      | Killed a two-headed ogre
 10129 | D:8      | Reached skill level 11 in Conjurations
 10226 | D:8      | Noticed Gastronok
 10368 | D:9      | Reached skill level 10 in Fire Magic
 10377 | D:9      | Noticed a two-headed ogre
 10389 | D:9      | Killed a two-headed ogre
 10697 | D:9      | Found a staircase to the Orcish Mines.
 10828 | D:9      | Identified the +0 chain mail of Igeseree {Stlth+} (You found it on level 7 of the Dungeon)
 11026 | D:9      | Offered knowledge of Sandblast by Vehumet.
 11045 | D:9      | Reached ** piety under Vehumet
 11160 | D:9      | Offered knowledge of Ignite Poison by Vehumet.
 11395 | D:9      | Found a roughly hewn altar of Beogh.
 11534 | D:9      | Reached skill level 12 in Conjurations
 11635 | D:9      | Noticed a manticore
 11653 | D:9      | Found a shattered altar of Ashenzari.
 11797 | D:9      | Reached *** piety under Vehumet
 11914 | D:9      | Lost mutation: Your muscles are strong. (Str +2) [potion of mutation]
 11914 | D:9      | Lost mutation: You sometimes yell uncontrollably at your foes. [potion of mutation]
 11914 | D:9      | Lost mutation: You occasionally shout uncontrollably at your foes. [potion of mutation]
 11914 | D:9      | Lost mutation: You do not regenerate when monsters are visible. [potion of mutation]
 11914 | D:9      | Gained mutation: Scrolls take you a little longer to read. [potion of mutation]
 11914 | D:9      | Gained mutation: You can translocate small distances at will. [potion of mutation]
 12355 | Lair:1   | Entered Level 1 of the Lair of Beasts
 12376 | Lair:1   | Noticed a black mamba
 12378 | Lair:1   | Killed a black mamba
 12378 | Lair:1   | Reached XP level 11. HP: 54/54 MP: 15/25
 12456 | Lair:1   | Noticed Nergalle
 12468 | Lair:1   | Killed Nergalle
 12737 | Lair:1   | Noticed an eight-headed hydra
 12742 | Lair:1   | Killed an eight-headed hydra
 13250 | Lair:1   | Noticed Harold
 13289 | Lair:1   | Killed from afar by Harold

Skill      XL: |  1  2  3  4  5  6  7  8  9 10 11 |
---------------+----------------------------------+-----
Conjurations   | 2 3 4 5 6 8 10 12 | 12.8
Fire Magic     | 4 5 6 8 9 10 11 | 11.4
Spellcasting   | 3 4 6 7 9 |  9.5
Dodging        | |  2.1
Stealth        | |  2.0

Action                   |  1- 3 |  4- 6 |  7- 9 | 10-12 || total
-------------------------+-------+-------+-------+-------++-------
Melee: Unarmed           |    11 |       |       |       ||    11
       Kick              |     1 |    21 |    17 |     6 ||    45
       Long sword        |       |    75 |    45 |    51 ||   171
       Peck              |       |    12 |    14 |    12 ||    38
 Cast: Flame Tongue      |    59 |    54 |    83 |    39 ||   235
       Sticky Flame      |       |     6 |    24 |    25 ||    55
       Fireball          |       |       |    15 |    42 ||    57
       Conjure Flame     |       |       |       |     1 ||     1
 Abil: Fly               |       |     1 |     1 |     2 ||     4
       Blink             |       |       |       |     6 ||     6
Evoke: Wand              |       |       |     2 |     2 ||     4
  Use: Potion            |       |       |       |     5 ||     5
       Scroll            |       |       |       |     4 ||     4
 Stab: Sleeping          |       |       |       |     1 ||     1
  Eat: Chunk             |     3 |    10 |    28 |    13 ||    54
       Royal jelly       |       |       |     1 |     1 ||     2
       Fruit             |       |       |       |     2 ||     2
       Bread ration      |       |       |       |     2 ||     2
Armor: Robe              |    10 |    19 |    16 |    20 ||    65
Dodge: Dodged            |    27 |    75 |    69 |    64 ||   235
       Rpst.: Long sword |       |    30 |    20 |    13 ||    63
